 Dungeon Crawl Stone Soup version 0.31-a0-845-g9abc20d24f (webtiles) character file.

Game seed: 9975702205289157275

551 Danienth the Ruffian (level 7, -4/61 HPs)
             Began as a Troll Shapeshifter on Oct 2, 2023.
             Was a Believer of Nemelex Xobeh.
             Slain by Menkaure (11 damage)
             ... on level 5 of the Dungeon.
             The game lasted 00:15:16 (3167 turns).

Danienth the Ruffian (Troll Shapeshifter)           Turns: 3167, Time: 00:15:16

Health: -4/61      AC: 11    Str: 23    XL:     7   Next: 7%
Magic:  18/18      EV:  6    Int:  6    God:    Nemelex Xobeh [**....]
Gold:   153        SH: 10    Dex: 11    Spells: 8/10 levels left

rFire   + . .        u - +1 mace (protect)
rCold   + . .        j - +0 tower shield
rNeg    . . .        a - +0 animal skin
rPois   .            (helmet restricted)
rElec   .            y - scarf {rC+ rF+}
rCorr   .            (gloves unavailable)
SInv    .            (boots unavailable)
Will    .....        (no amulet)
Stlth   +            k - ring of magical power
HPRegen 1.10/turn    (no ring)
MPRegen 0.16/turn

%: no passive effects
@: under a protective aura
A: large, unfitting armour, claws 3, regeneration 1, shaggy fur 1, tough skin 1
a: Renounce Religion, Draw Escape, Draw Destruction, Draw Summoning


You were on level 5 of the Dungeon.
You worshipped Nemelex Xobeh.
Nemelex Xobeh was pleased with you.
You visited 1 branch of the dungeon, and saw 5 of its levels.

You collected 153 gold pieces.

Inventory:

Hand Weapons
 u - a +1 mace of protection (weapon)
 z - a +2 quarterstaff of chaos
Missiles
 g - 2 silver javelins
 n - 6 curare-tipped darts (quivered)
 w - 5 poisoned darts
Armour
 a - a +0 animal skin (worn)
 j - a +0 tower shield (worn)
 y - a scarf of resistance (worn)
Jewellery
 k - a ring of magical power (left claw)
Talismans
 c - a beast talisman
 d - a flux talisman
Wands
 x - a wand of light (8)
Scrolls
 h - a scroll of poison
 q - 3 scrolls of teleportation
 r - a scroll of fear
 s - a scroll of enchant armour {unknown}
 t - a scroll of identify {unknown}
 B - a scroll of amnesia {unknown}
Potions
 b - 2 potions of lignification
 e - a potion of cancellation {unknown}
 i - a potion of attraction {unknown}
 l - a potion of enlightenment {unknown}
 m - a potion of resistance {unknown}
 o - a potion of curing {unknown}
 p - a potion of magic {unknown}
 v - a potion of degeneration {unknown}
 A - a potion of brilliance {unknown}


   Skills:
 - Level 0.7 Fighting
 + Level 1.0(1.9) Maces & Flails
 - Level 2.2(2.3) Staves
 - Level 1.5 Dodging
 + Level 1.0 Shields
 - Level 5.4 Unarmed Combat
 - Level 2.0 Spellcasting
 - Level 2.0 Conjurations
 - Level 3.0 Shapeshifting


You had 8 spell levels left.
You knew the following spells:

 Your Spells              Type           Power      Damage    Failure   Level
a - Searing Ray           Conj           6%         2d4       89%         2

Your spell library contained the following spells:

 Spells                   Type           Power      Damage    Failure   Level
 Magic Dart               Conj           12%        1d3       78%         1
 Call Canine Familiar     Summ           0%         N/A       100%        3
 Sigil of Binding         Hex            0%         N/A       100%        3
 Dimensional Bullseye     Hex/Tloc       0%         N/A       100%        4
 Fulminant Prism          Conj/Hex       0%         3d5       100%        4
 Leda's Liquefaction      Hex/Erth       0%         N/A       100%        4
 Olgreb's Toxic Radiance  Pois           0%         N/A       100%        4
 Discord                  Hex            0%         N/A       100%        8
 Ignition                 Fire           0%         3d3       100%        8


Dungeon Overview and Level Annotations

Branches:
Dungeon (5/15)
 Temple: D:4-7

Altars:
Cheibriados
Nemelex Xobeh

Shops:
D:3 =

Annotations:
D:5 Menkaure


Innate Abilities, Weirdness & Mutations

You are too large for most types of armour.
You have claws for hands.
Your natural rate of healing is unusually fast.
You are covered in fur. (AC +1)
You have tough skin. (AC +1)


Message History

Your weapon exudes an aura of protection.
You kill the adder!
Your Maces & Flails skill increases to level 1!
Your Shields skill increases to level 1!
You start waiting.
Done waiting.
You see here a scorpion corpse.
Menkaure, Prince of Dust comes into view.
Found an escape hatch in the ceiling.
Menkaure shouts!
You hear a bark! x2
Menkaure mumbles some strange words.
Menkaure seems to speed up.
You hear a bark! x2
You draw a card...
You have drawn Wild Magic.
Waves of light ripple over Menkaure's body.
You feel a surge of magic.
The deck of cards glows with a rainbow of weird colours and disappears.
Menkaure points at you and mumbles some strange words.
You struggle to resist.
A jackal comes into view.
A jackal comes into view.
The jackal barks!
Menkaure calls on the powers of darkness!
Your body is wracked with pain!
The jackal convulses! x2
A jackal comes into view.
Menkaure hits you!
* * * LOW HITPOINT WARNING * * *
You are too injured to fight recklessly!
Hit: u) +1 mace (protect)
Press: ? - help, Dir - move target, f - Menkaure
Aim: Menkaure (fast, about 27% to evade your +1 mace of protection)
You hit Menkaure.
Your weapon exudes an aura of protection.
Menkaure is lightly damaged.
Menkaure hits you!
* * * LOW HITPOINT WARNING * * *
A jackal comes into view.
Menkaure hits you!
You die...
Your body disappears without a glow.

.........# #.##.....####
#.##>........ #
#.#........# .## #
##......###.#####..#..
###........##......#....
.†......##.#.........h.h
#....##.##.......hh..#
#.#.............@M...#
..####.#.#...........#
### ..#.............# #
.................# #
.....##........## #
.....#........<.. #
......#..........#. ..
.... #..........# #..


You could see Menkaure (fast) and 4 jackals.

Vanquished Creatures
  A phantom (D:4)
  2 scorpions
  A hound (D:5)
  A jelly (D:4)
  Crazy Yiuf (D:3)
  An orc priest (D:5)
  An iguana (D:4)
  Terence (D:3)
  An adder (D:5)
  A gnoll (D:1)
  2 worms
  2 dart slugs
  7 orcs
  2 ball pythons (D:1)
  8 endoplasms
  4 giant cockroaches
  5 goblins
  9 hobgoblins
  2 jackals (D:4)
  5 kobolds
  4 quokkas
  3 bats
  4 frilled lizards
  3 rats
71 creatures vanquished.

Vanquished Creatures (collateral kills)
  Jessica (D:2)
  Ijyb (D:3)
  4 gnolls (D:2)
  A quokka (D:2)
  A ball python (D:2)
  A rat (D:2)
9 creatures vanquished.

Grand Total: 80 creatures vanquished

Notes
Turn   | Place    | Note
-------+----------+-------------------------------------------
     0 | D:1      | Danienth the Troll Shapeshifter began the quest for the
                  | Orb.
     0 | D:1      | Reached XP level 1. HP: 18/18 MP: 0/0
   130 | D:1      | Reached XP level 2. HP: 18/26 MP: 1/1
   189 | D:1      | Reached skill level 4 in Unarmed Combat
   452 | D:1      | Reached XP level 3. HP: 32/32 MP: 2/2
   505 | D:1      | Found a faded altar of an unknown god.
   517 | D:1      | Prayed at the altar of an unknown god.
   517 | D:1      | Became a worshipper of Nemelex Xobeh the Trickster
   517 | D:1      | Reached * piety under Nemelex Xobeh
   698 | D:1      | Received a gift from Nemelex Xobeh
   887 | D:2      | Learned a level 2 spell: Searing Ray
  1003 | D:2      | Reached skill level 5 in Unarmed Combat
  1003 | D:2      | Reached XP level 4. HP: 40/40 MP: 3/3
  1057 | D:2      | Noticed Jessica
  1060 | D:2      | Killed Jessica
  1359 | D:3      | Found Ofia's Jewellery Emporium.
  1364 | D:3      | Noticed Terence
  1370 | D:3      | Killed Terence
  1371 | D:3      | Reached XP level 5. HP: 43/46 MP: 4/4
  1465 | D:3      | Found a snail-covered altar of Cheibriados.
  1510 | D:3      | Noticed Ijyb
  1515 | D:3      | Killed Ijyb
  1516 | D:3      | Reached skill level 1 in Conjurations
  1995 | D:3      | Found a runed translucent door.
  1996 | D:3      | Noticed Crazy Yiuf
  2134 | D:3      | Killed Crazy Yiuf
  2135 | D:3      | Reached skill level 1 in Spellcasting
  2169 | D:4      | Reached ** piety under Nemelex Xobeh
  2187 | D:4      | Reached XP level 6. HP: 31/54 MP: 7/7
  2251 | D:4      | Reached skill level 1 in Staves
  2609 | D:4      | HP: 2/54 [acid (10)]
  2990 | D:5      | Entered Level 5 of the Dungeon
  3022 | D:5      | Reached XP level 7. HP: 56/61 MP: 9/9
  3046 | D:5      | Reached skill level 1 in Maces & Flails
  3046 | D:5      | Reached skill level 1 in Shields
  3161 | D:5      | Noticed Menkaure
  3167 | D:5      | Slain by Menkaure

Illustrated notes

Levels and vault maps discovered:
D:1:      dpeg_arrival_court, layout_basic, basic_ecumenical_altar,
          serial_curves, eino_curves_04, eino_curves_03
D:2:      layout_basic, grunt_decor_cap, minmay_pentomino_z2, uniq_jessica
D:3:      layout_rooms, cheibriados_altar_1, serial_shops, nicolae_shop_crystal,
          grunt_decor_fettered, kennysheep_generic_room_9, uniq_ijyb,
          uniq_crazy_yiuf_cottage, uniq_terence
D:4:      layout_rooms, kennysheep_donut
D:5:      layout_rooms, st_stairs_14, minivault_23, nicolae_hexahallways,
          nicolae_nh_oracle_at_delphi, uniq_menkaure

Skill      XL: |  1  2  3  4  5  6  7 |
---------------+----------------------+-----
Unarmed Combat | 4 5 |  5.4
Conjurations   | 1 2 |  2.0
Spellcasting   | 1 2 |  2.0
Staves         | 2 |  2.2
Maces & Flails | 1 |  1.0
Shields        | 1 |  1.0
Fighting       | |  0.7
Dodging        | |  1.5
Shapeshifting  | |  3.0

Action                     |  1- 3 |  4- 6 |  7- 9 || total
---------------------------+-------+-------+-------++-------
  Melee: Unarmed           |    58 |    73 |       ||   131
         Quarterstaff      |       |    40 |       ||    40
         Mace              |       |     2 |    25 ||    27
         Punch             |       |     1 |       ||     1
  Throw: Dart              |       |     1 |       ||     1
 Invoke: Draw Summoning    |     1 |     1 |       ||     2
         Draw Destruction  |       |     2 |     1 ||     3
         Draw Escape       |       |     1 |       ||     1
Ability: Begin Untransform |       |     1 |       ||     1
    Use: Scroll            |       |     4 |       ||     4
   Stab: Sleeping          |       |     1 |       ||     1
 Armour: Animal skin       |    37 |    73 |    25 ||   135
  Dodge: Dodged            |    23 |    45 |     4 ||    72
  Block: Tower shield      |       |     5 |    13 ||    18

Table legend: (Time is in decaauts)
 A = Elapsed time spent in this place.
 B = Non-inter-level travel time spent in this place.
 C = Inter-level travel time spent in this place.
 D = Time resting spent in this place.
 E = Time spent auto-exploring this place.
 F = Levels seen in this place.
 G = Mean time per level.
                   A        B        C        D        E       F      G
               +--------+--------+--------+--------+--------+-----+--------+
         Total |   3179 |   2879 |    300 |    660 |   1673 |   5 |  635.8 |
       Dungeon |   3179 |   2879 |    300 |    660 |   1673 |   5 |  635.8 |
               +--------+--------+--------+--------+--------+-----+--------+

Top non-repeatable levels by time:
     D:3: 831 daAuts
     D:4: 829 daAuts
     D:1: 796 daAuts
     D:2: 531 daAuts
     D:5: 191 daAuts
